 Dungeon Crawl Stone Soup version 0.29.0-7-g18a832c13a (webtiles) character file.

Game seed: 16337712998076338710

185 ImASeal the Magician (level 5, 0/35 HPs)
             Began as a Djinni Fire Elementalist on Aug 31, 2022.
             Slain by a quasit (1 damage)
             ... summoned by Eustachio
             ... on level 4 of the Dungeon.
             The game lasted 00:09:31 (5025 turns).

ImASeal the Magician (Djinni Fire Elementalist)     Turns: 5025, Time: 00:09:31

Health: 0/35       AC:  2    Str:  7      XL:     5   Next: 96%
Gold:   176        EV: 12    Int: 19      God:
                   SH:  0    Dex: 11 (13)

rFire   + + .      SeeInvis .   g - +0 dagger
rCold   x . .      Faith    .   (no shield)
rNeg    . . .      Spirit   .   a - +0 robe
rPois   ∞          Reflect  .   (no helmet)
rElec   .          Harm     .   (no cloak)
rCorr   .          Rampage  .   (no gloves)
Will    .....                   (boots unavailable)
Stlth   ++........              j - amulet of the acrobat
HPRegen 0.11/turn               (no ring)
MPRegen 0.00/turn               (no ring)

@: flying
A: sickness immunity, fire resistance 2, cold vulnerability 1, float, innate
caster, HP casting, extra vitality 1
a: no special abilities


You were on level 4 of the Dungeon.
You visited 1 branch of the dungeon, and saw 4 of its levels.

You collected 176 gold pieces.

Inventory:

Hand Weapons
 g - a +0 dagger (weapon)
Missiles
 n - 23 poisoned darts
Armour
 a - a +0 robe (worn)
 e - a +3 ring mail
Jewellery
 j - an amulet of the acrobat (around neck)
 u - a +4 ring of evasion
Scrolls
 c - 7 scrolls of identify
 d - 2 scrolls of amnesia {unknown}
 l - a scroll of enchant armour {unknown}
 p - a scroll of vulnerability {unknown}
 r - 2 scrolls of noise {unknown}
 s - 2 scrolls of fog {unknown}
 t - a scroll of poison {unknown}
 v - a scroll of teleportation {unknown}
 w - a scroll of immolation {unknown}
 x - a scroll of summoning {unknown}
Potions
 b - a potion of experience {unknown}
 f - 5 potions of curing {unknown}
 h - 3 potions of haste
 i - a potion of mutation {unknown}
 k - 2 potions of lignification {unknown}
 m - a potion of resistance {unknown}
 o - 2 potions of magic {unknown}
 q - a potion of degeneration {unknown}


   Skills:
 - Level 2.3 Dodging
 - Level 1.6 Stealth
 * Level 4.7 Spellcasting


You couldn't memorise any spells.
You knew the following spells:

 Your Spells              Type           Power      Damage    Failure   Level
a - Foxfire               Conj/Fire      88%        2x1d8     1%          1
b - Scorch                Fire           44%        2d7       2%          2
c - Conjure Flame         Conj/Fire      22%        6-21      5%          3
d - Inner Flame           Hex/Fire       22%        N/A       5%          3
e - Flame Wave            Conj/Fire      22%        2d8       19%         4
f - Apportation           Tloc           44%        N/A       1%          1
g - Static Discharge      Conj/Air       22%        3-6/arc   2%          2
Your spell library was empty.

Dungeon Overview and Level Annotations

Branches:
Dungeon (4/15)             Temple (0/1) D:4

Altars:

Annotations:
D:4 Eustachio


Innate Abilities, Weirdness & Mutations

You are immune to sickness and miasma.
You are immune to poison.
Your flesh is very heat resistant. (rF++)
You are vulnerable to cold. (rC-)
You float through the air rather than walking.
You learn spells naturally, not from books.
Your magical power is your life essence.
You have superior vitality. (+4 MHP)


Message History

You conjure some foxfire!
The foxfire hits Eustachio but does no damage.
Eustachio is almost dead.
Casting: Foxfire (safe; 1% risk of failure)
Confirm with . or Enter, or press ? or * to list all spells.
You conjure some foxfire!
The foxfire hits the quasit.
The quasit completely resists.
The iron imp closely misses you.
Casting: Foxfire (safe; 1% risk of failure)
Confirm with . or Enter, or press ? or * to list all spells.
You conjure some foxfire!
The foxfire hits the crimson imp.
The crimson imp completely resists.
The foxfire hits the quasit but does no damage.
The quasit closely misses you. x2; The quasit claws you.
You feel clumsy. The iron imp barely misses you.
The crimson imp blinks!
Eustachio barely misses you.
Your foxfire dissipates!
The iron imp shouts, "Scamper away, thou pribbling rude-growing prigger-of-prances!"
The quasit misses you. The quasit completely misses you.
The quasit closely misses you.
The crimson imp blinks!
Casting: Foxfire (safe; 1% risk of failure)
Confirm with . or Enter, or press ? or * to list all spells.
The fire begins to smoulder!
The quasit bites you.
You feel clumsy. The quasit claws you. The quasit misses you.
The iron imp hits you!
* * * LOW HITPOINT WARNING * * *
Eustachio gestures wildly while chanting.
Eustachio blinks!
The quasit attacks as you move away! The quasit closely misses you.
The quasit barely misses you.
The quasit claws you but does no damage.
Eustachio mumbles some strange words.
Your magical contamination has completely faded away.
The quasit smothers the flame.
Casting: Conjure Flame (dangerous; 5% risk of failure)
Confirm with . or Enter, or press ? or * to list all spells.
The fire begins to smoulder!
* * * LOW HITPOINT WARNING * * *
The quasit closely misses you. The quasit claws you.
You die...

##..................###....#####
#..!.....# [.......# ##.......#
#.##.....## ........# #.......#
#......## #......# ##.######
######).####.....# #.#
##)....#....# #.#
#.....#....#####.#
#...).###........#
###....55@..>####..#
#.......###.).....<# ..........#
#.####..... ..#.#.....# #..#
##..... .....r....# ##.#
##...... #....@....####.##
#...... #####.<.........#
#...... ###########........
#####....


You could see Eustachio, an iron imp (summoned), a quasit (summoned) and a
quokka (summoned).

Vanquished Creatures
  An orc priest (D:4)
  A jelly (D:4)
  A gnoll (D:3)
  3 adders
  2 worms
  6 orcs
  10 bats
  7 endoplasms
  2 giant cockroaches
  5 goblins
  8 hobgoblins
  7 jackals
  A quokka (D:1)
  6 ball pythons
  4 frilled lizards
  7 kobolds
  7 rats
78 creatures vanquished.

Vanquished Creatures (others)
  418 foxfires
  A plant (D:1)
419 creatures vanquished.

Grand Total: 497 creatures vanquished

Notes
Turn   | Place    | Note
-------+----------+-------------------------------------------
     0 | D:1      | ImASeal the Djinni Fire Elementalist began the quest for
                  | the Orb.
     0 | D:1      | ImASeal set off with the following spells memorised:
                  | Foxfire, Scorch, Conjure Flame, Inner Flame, Flame Wave.
     0 | D:1      | Reached XP level 1. HP: 15/15 MP: 0/0
   354 | D:1      | Reached XP level 2. HP: 17/21 MP: 0/0
   695 | D:1      | Reached skill level 3 in Spellcasting
   862 | D:1      | Reached XP level 3. HP: 19/25 MP: 0/0
   862 | D:1      | Learned a level 1 spell: Apportation
  1852 | D:1      | Found a faded altar of an unknown god.
  2245 | D:2      | Reached XP level 4. HP: 28/31 MP: 0/0
  3579 | D:3      | Reached skill level 4 in Spellcasting
  3593 | D:3      | Reached XP level 5. HP: 16/35 MP: 0/0
  3593 | D:3      | Learned a level 2 spell: Static Discharge
  4786 | D:4      | Found a staircase to the Ecumenical Temple.
  5010 | D:4      | Noticed Eustachio
  5025 | D:4      | Slain by a quasit

Illustrated notes

Levels and vault maps discovered:
D:1:      roderic_octagonal_star, layout_loops_ring,
          shapermc_ecumenical_altar_petra, st_stairs_7
D:2:      layout_basic
D:3:      layout_rooms, minmay_fractal_squares_5
D:4:      layout_rooms, minmay_temple_entry_proselytizer, uniq_eustachio,
          uniq_natasha

Skill      XL: |  1  2  3  4 |
---------------+-------------+-----
Spellcasting   | 3 4 |  4.7
Dodging        | |  2.3
Stealth        | |  1.6

Action                   |  1- 3 |  4- 6 || total
-------------------------+-------+-------++-------
Melee: Dagger            |     5 |       ||     5
 Cast: Foxfire           |    96 |   150 ||   246
       Conjure Flame     |       |     4 ||     4
  Use: Scroll            |     1 |       ||     1
Armor: Robe              |     1 |     5 ||     6
Dodge: Dodged            |     2 |    21 ||    23
